 Dungeon Crawl Stone Soup version 0.19-a0-1891-ge1d1fe8 (console) character file.

593 Gottschkopf the Zephyrmancer (level 7, -1/36 HPs)
             Began as a Tengu Air Elementalist on Oct 18, 2016.
             Was an Initiate of Vehumet.
             Slain by Edmund
             ... wielding a +2 flail of protection
              (7 damage)
             ... on level 5 of the Dungeon.
             The game lasted 00:09:15 (3466 turns).

Gottschkopf the Zephyrmancer (TeAE)                 Turns: 3466, Time: 00:09:16

Health: -1/36      AC:  8    Str:  9    XL:     7   Next: 39%
Magic:  3/14       EV: 12    Int: 17    God:    Vehumet [......]
Gold:   161        SH:  0    Dex: 14    Spells: 5 memorised, 1 level left

rFire  + + .     SeeInvis .     r - +2 quarterstaff (chaos)
rCold  . . .     Gourm    .     C - +2 robe {rF+}
rNeg   . . .     Faith    .     (shield currently unavailable)
rPois  .         Spirit   .     (helmet restricted)
rElec  .         Reflect  .     q - +0 cloak
rCorr  .         Harm     .     (no gloves)
MR     .....                    (boots unavailable)
Stlth  ++........               (no amulet)
                                j - +3 ring of protection
                                e - ring of protection from fire

@: very slightly contaminated, repel missiles
A: beak, talons 3, able to fly 1
a: Fly, Renounce Religion


You were on level 5 of the Dungeon.
You worshipped Vehumet.
Vehumet was noncommittal.
You were very hungry.

You visited 2 branches of the dungeon, and saw 6 of its levels.

You collected 161 gold pieces.

Inventory:

Hand Weapons
 r - a +2 quarterstaff of chaos (weapon)
Armour
 m - a +0 robe of magic resistance
 q - a +0 cloak (worn)
 C - a +2 robe of fire resistance (worn)
Jewellery
 e - a ring of protection from fire (left hand)
 j - a +3 ring of protection (right hand)
Wands
 s - a wand of slowing (24/48)
 v - a wand of random effects (25/48)
 z - a wand of heal wounds (3/9)
Scrolls
 g - a scroll of fog {unknown}
 p - 2 scrolls of enchant weapon {unknown}
 y - a scroll of random uselessness {unknown}
 A - a scroll of teleportation {unknown}
 B - a scroll of remove curse {unknown}
Potions
 a - a potion of cancellation
 f - a potion of heal wounds
 h - a potion of cure mutation
 l - 2 potions of berserk rage
 o - 2 potions of haste
 t - a potion of resistance
Books
 b - a book of Air

   Spells                             Type                      Level
   a - Shock                          Conjuration/Air              1
   b - Swiftness                      Charms/Air                   2
   c - Repel Missiles                 Charms/Air                   2
   d - Static Discharge               Conjuration/Air              3
   e - Lightning Bolt                 Conjuration/Air              5
 w - a book of Conjurations

   Spells                             Type                      Level
   a - Magic Dart                     Conjuration                  1
   b - Searing Ray                    Conjuration                  2
   c - Dazzling Spray                 Conjuration/Hexes            3
   d - Fulminant Prism                Conjuration/Hexes            4
   e - Iskenderun's Mystic Blast      Conjuration                  4
   f - Iskenderun's Battlesphere      Conjuration/Charms           5
Comestibles
 c - 4 bread rations
 d - 2 royal jellies
 k - 2 beef jerkies
 n - 4 meat rations


   Skills:
 - Level 2.1 Dodging
 - Level 2.0 Stealth
 - Level 4.4 Spellcasting
 + Level 1.3 Conjurations
 - Level 9.2 Air Magic


You had one spell level left.
You knew the following spells:

 Your Spells              Type           Power        Failure   Level  Hunger
a - Shock                 Conj/Air       ###.         1%          1    None
b - Repel Missiles        Chrm/Air       ###...       3%          2    ##.....
c - Swiftness             Chrm/Air       ###.....     3%          2    ##.....
d - Static Discharge      Conj/Air       ###.....     8%          3    ###....
e - Lightning Bolt        Conj/Air       ###.......   58%         5    ######.


Dungeon Overview and Level Annotations

Branches:
Dungeon (5/15)             Temple (1/1) D:5

Altars:
Ashenzari
Cheibriados
Dithmenos
Elyvilon
Nemelex Xobeh
Trog
Vehumet
Xom
Zin

Shops:
D:5 *

Annotations:
D:5 Edmund


Innate Abilities, Weirdness & Mutations

You have a beak for a mouth.
You have claws for feet.
You can fly.


Message History

Confirm with . or Enter, or press ? or * to list all spells.
Aiming: Shock
Press: ? - help, Shift-Dir - straight line The zap hits Edmund.
Edmund appears unharmed.
Edmund is heavily wounded.
The zap hits Edmund.
Edmund is heavily wounded.
Edmund hits you with a flail of protection.
* * * LOW HITPOINT WARNING * * *
Casting: Shock
Confirm with . or Enter, or press ? or * to list all spells.
The spell is very dangerous to cast!
Continue anyway?
Aiming: Lightning Bolt
Press: ? - help, Shift-Dir - straight line You miscast Lightning Bolt.
You are very lightly contaminated with residual magic.
Sparks fly from your hands!
You are feeling very hungry.
Edmund hits you with a flail of protection!
You die...

#.# ##+## #.# ###.#
#.# ##.#.# #.#
##....## #.#
##......## #.#
#.....(..# #.#
##.......#
#.######.....#.######
#..@@........#.......
########.....########
##....# ####.# #.#
#.# #.# ###########
#)### #.........#
#...######


You could see Edmund.

Vanquished Creatures
  The ghost of kuniqs the Poker, an amateur MfSk (D:3)
  Sigmund (D:5)
  Blork the orc (D:4)
  A howler monkey (D:4)
  Crazy Yiuf (D:2)
  A worker ant zombie (D:5)
  5 adders
  A shadow imp (D:4)
  2 oozes
  A worm (D:5)
  2 leopard geckos
  An orc (D:5)
  4 ball pythons
  2 giant cockroaches
  6 goblins
  A hobgoblin (D:2)
  2 quokkas
  5 bats
  2 frilled lizards (D:2)
  2 kobolds
  A leopard gecko skeleton (D:5)
  3 rats
46 creatures vanquished.

Notes
Turn   | Place    | Note
-------+----------+-------------------------------------------
     0 | D:1      | Gottschkopf the Tengu Air Elementalist began the quest for the Orb.
     0 | D:1      | Reached XP level 1. HP: 10/10 MP: 4/4
   351 | D:2      | Reached XP level 2. HP: 15/15 MP: 0/6
   364 | D:2      | Learned a level 2 spell: Repel Missiles
   367 | D:2      | Learned a level 2 spell: Swiftness
   457 | D:2      | Reached skill level 5 in Air Magic
   696 | D:2      | Found a shimmering altar of Xom.
   769 | D:2      | Reached XP level 3. HP: 19/19 MP: 3/7
  1312 | D:2      | Found a runed door.
  1316 | D:2      | Noticed Crazy Yiuf
  1320 | D:2      | Killed Crazy Yiuf
  1320 | D:2      | Reached skill level 6 in Air Magic
  1320 | D:2      | Reached XP level 4. HP: 24/24 MP: 4/8
  1883 | D:3      | Noticed kuniqs's ghost (amateur MfSk)
  1910 | D:3      | Killed kuniqs's ghost
  1910 | D:3      | Reached skill level 9 in Air Magic
  1910 | D:3      | Gained mutation: You can fly. [Tengu growth]
  1910 | D:3      | Reached XP level 5. HP: 21/28 MP: 0/9
  1910 | D:3      | Reached XP level 6. HP: 24/32 MP: 0/10
  2170 | D:3      | Learned a level 3 spell: Static Discharge
  2405 | D:4      | Noticed Blork the orc
  2417 | D:4      | Killed Blork the orc
  3020 | D:5      | Entered Level 5 of the Dungeon
  3020 | D:5      | Noticed Sigmund
  3025 | D:5      | Killed Sigmund
  3025 | D:5      | Reached XP level 7. HP: 24/36 MP: 6/14
  3178 | D:5      | Found Eniusieg's Assorted Antiques.
  3260 | D:5      | Learned a level 5 spell: Lightning Bolt
  3319 | D:5      | Found a staircase to the Ecumenical Temple.
  3395 | Temple   | Entered the Ecumenical Temple
  3407 | Temple   | Became a worshipper of Vehumet
  3451 | D:5      | Noticed Edmund
  3466 | D:5      | Slain by Edmund

Vault maps used:
D:1:      scummos_arrival_simple_fountains
D:2:      xom_teletrap_fun, uniq_crazy_yiuf_cottage
D:4:      first_bread, uniq_blork_the_orc
D:5:      serial_shops, shop_fountains, uniq_sigmund, uniq_edmund
Temple:   nicolae_temple_the_god_donut

Skill      XL: |  1  2  3  4  5  6 |
---------------+-------------------+-----
Air Magic      | 5 6 9 |  9.2
Spellcasting   | 4 |  4.4
Dodging        | |  2.1
Stealth        | |  2.0
Conjurations   | |  1.3

Action                   |  1- 3 |  4- 6 |  7- 9 || total
-------------------------+-------+-------+-------++-------
Melee: Unarmed           |     3 |       |       ||     3
       Dagger            |     3 |       |       ||     3
       Peck              |     2 |     1 |       ||     3
       Kick              |     1 |     4 |     1 ||     6
       Quarterstaff      |       |    12 |     1 ||    13
 Cast: Shock             |    61 |    54 |    20 ||   135
       Repel Missiles    |     1 |       |       ||     1
  Use: Potion            |       |     1 |     2 ||     3
       Scroll            |       |       |     4 ||     4
 Stab: Sleeping          |       |       |     1 ||     1
  Eat: Chunk             |     2 |     6 |     1 ||     9
Armor: Robe              |    10 |    11 |       ||    21
Dodge: Dodged            |    16 |    21 |     4 ||    41
       Deflected         |       |     1 |       ||     1
